[Event "Turkish-ch Youth U15 2024"]
[Site "Belek Antalya"]
[Date "2024.01.25"]
[Round "7"]
[White "Biyiksiz, Ali Batuhan"]
[Black "Yerli, Hasan"]
[Result "1-0"]
[ECO "A49"]
[WhiteElo "2164"]
[BlackElo "1470"]
[Annotator "RC"]
[PlyCount "143"]
[EventDate "2024.01.21"]
[EventType "swiss"]
[EventCountry "TUR"]
[SourceTitle "playchess.com"]
[Source "ChessBase"]
[SourceQuality "1"]
[TimeControl "5400+30"]

1. d4 g6 2. Nf3 Bg7 3. g3 Nf6 4. Bg2 O-O 5. O-O d6 6. a4 Nbd7 7. a5 a6 8. c4 c5 9. d5 b5 10. axb6 Nxb6 11. Nbd2 a5 12. Qc2 Nfd7 13. Ne1 Nb8 14. Nd3 Bd7 15. e4 Na6 16. Rxa5 Nb4 17. Rxa8 Nxc2 18. Rxd8 Rxd8 19. b3 Ra8 20. e5 Ra2 21. exd6 exd6 22. Ne4 Bg4 23. Bf4 Nd4 24. Nc1 Ne2+ 25. Kh1 Nxc1 26. Rxc1 f5 27. Nxd6 Rxf2 28. Be3 Rb2 29. Bxc5 Nd7 30. Bg1 Be5 31. Nb5 Rxb3 32. Nd4 Rd3 33. Ne6 Rd1 34. Rxd1 Bxd1 35. c5 Nf6 36. c6 Ne8 37. Bc5 Be2 38. Nd8 Ba6 39. Kg1 Bc8 40. Kf2 Bc7 41. Nb7 Bxb7 42. cxb7 Bb8 43. Ke3 Kf7 44. Bf1 Nd6 45. Ba6 Ke8 46. Kd3 Kd7 47. Kd4 h6 48. Bb6 g5 49. Ba5 f4 50. gxf4 gxf4 51. Bd2 Kc7 52. Bxf4 Kb6 53. Bd3 h5 54. h3 Kxb7 55. Bg6 h4 56. Bg5 Ba7+ 57. Ke5 Nc4+ 58. Ke6 Bb8 59. Bxh4 Bf4 60. Bf6 Kc7 61. h4 Be3 62. h5 Nb6 63. d6+ Kc8 64. Be8 Kb7 65. d7 Nxd7 66. Kxd7 Kb6 67. Ke6 Kc5 68. Kf7 Kd6 69. Kg6 Bd2 70. Bf7 Be3 71. Bg5 Bd4 72. h6 1-0

[Event "Turkish-ch Youth U15 2024"]
[Site "Belek Antalya"]
[Date "2024.01.25"]
[Round "7"]
[White "Demirtas, Alper"]
[Black "Cicek, Bilal Emre"]
[Result "1-0"]
[ECO "D02"]
[WhiteElo "2002"]
[BlackElo "1649"]
[Annotator "NA RC"]
[PlyCount "87"]
[EventDate "2024.01.21"]
[EventType "swiss"]
[EventCountry "TUR"]
[SourceTitle "playchess.com"]
[Source "ChessBase"]
[SourceQuality "1"]
[TimeControl "5400+30"]

1. Nf3 d5 2. d4 e6 3. c3 Nf6 4. Bf4 Bd6 5. e3 O-O 6. Nbd2 c5 7. Ne5 Nc6 8. Bd3 Qc7 9. Ndf3 cxd4 10. exd4 Ne4 11. Bg3 f6 12. Nxc6 Bxg3 13. hxg3 Qxc6 14. Qc2 $16 h6 15. Rh4 Nd6 16. O-O-O Bd7 17. Kb1 b5 18. Rxh6 gxh6 19. Bxb5 Ne4 20. Bxc6 Bxc6 21. Nd2 f5 22. Nxe4 fxe4 23. f3 Rf6 24. fxe4 dxe4 25. c4 Raf8 26. d5 exd5 27. cxd5 Bd7 28. Qc1 Bb5 29. Qe3 Bd3+ 30. Rxd3 Rf1+ 31. Kc2 exd3+ 32. Qxd3 R1f2+ 33. Kb3 Rb8+ 34. Ka3 Rf6 35. b4 Rd6 36. Kb3 Rbd8 37. Kc4 a6 38. Kc5 Rf6 39. d6 Kf8 40. Kc6 Rf7 41. d7 Kg7 42. a4 Kf6 43. Kc7 Rff8 44. Qd6+ 1-0

[Event "Turkish-ch Youth U15 2024"]
[Site "Belek Antalya"]
[Date "2024.01.25"]
[Round "7"]
[White "Dirikolu, Deniz"]
[Black "Yalcinkaya, Efe"]
[Result "1/2-1/2"]
[ECO "B42"]
[WhiteElo "1786"]
[BlackElo "2067"]
[Annotator "NA RC"]
[PlyCount "53"]
[EventDate "2024.01.21"]
[EventType "swiss"]
[EventCountry "TUR"]
[SourceTitle "playchess.com"]
[Source "ChessBase"]
[SourceQuality "1"]
[TimeControl "5400+30"]

1. e4 c5 2. Nf3 e6 3. d4 cxd4 4. Nxd4 a6 5. Bd3 Bc5 6. Nb3 Ba7 7. O-O Ne7 8. Qe2 {[%emt 0:00:00] B42: Sicilian: Kan Variation: 5 Bd3.} O-O {[%emt 0:01:00] outshines the older 8...Nbc6.} 9. Be3 Nbc6 10. Bxa7 Rxa7 11. Rd1 d6 12. c4 b6 13. Nc3 Rd7 $146 ({Predecessor:} 13... Qc7 14. Qe3 Qb8 15. Rac1 Rd8 16. Be2 Rc7 17. a3 h6 18. h3 Ne5 19. Nd2 N5g6 {½-½ Grischuk,A (2777)-Svidler,P (2723) FIDE Steinitz Memorial blitz 2020 (16)}) 14. Qe3 Bb7 15. f4 Nb4 16. a3 Nxd3 17. Rxd3 Qc7 18. Rc1 Rfd8 (18... Qxc4 $15 {is more appropriate.} 19. Nd2 Qc7) 19. Nd4 $11 (19. Nd2 $14) 19... Rc8 20. b3 Ba8 21. Rf1 e5 22. Nde2 exf4 23. Nxf4 Re8 24. Rfd1 Bc6 25. Qd4 Qb7 26. Nfd5 Ng6 27. Rg3 1/2-1/2

[Event "Turkish-ch Youth U15 2024"]
[Site "Belek Antalya"]
[Date "2024.01.25"]
[Round "7"]
[White "Karabulut, Etka"]
[Black "Sakmak, Kutay"]
[Result "0-1"]
[ECO "C88"]
[WhiteElo "1692"]
[BlackElo "1971"]
[Annotator "NA RC"]
[PlyCount "90"]
[EventDate "2024.01.21"]
[EventType "swiss"]
[EventCountry "TUR"]
[SourceTitle "playchess.com"]
[Source "ChessBase"]
[SourceQuality "1"]
[TimeControl "5400+30"]

1. e4 e5 2. Nf3 Nc6 3. Bb5 a6 4. Ba4 Nf6 5. O-O Be7 6. Re1 b5 7. Bb3 O-O 8. a4 d5 {[%emt 0:00:00] C88: Closed Ruy Lopez: Anti-Marshall Systems.} 9. exd5 Na5 10. Nxe5 Nxb3 11. Nc6 Bg4 12. cxb3 Bxd1 13. Nxd8 Bxb3 14. Rxe7 Raxd8 15. Re3 bxa4 16. Nc3 Nxd5 17. Nxd5 Rxd5 18. h3 c5 19. d3 f6 20. Rg3 Rfd8 21. Bh6 g5 ({Nicht} 21... Rxd3 22. Rxg7+ (22. Bxg7 $2 {geht unter.} Rxg3 23. fxg3 Kxg7 $19) 22... Kh8 23. Rc7 $11) (21... R8d7 $17 22. Rc1 a3 (22... Rxd3 $2 23. Rxd3 Rxd3 24. Be3 $19) 23. bxa3 Rxd3 24. Rxd3 Rxd3) 22. Re1 ({White should play} 22. h4) 22... Kf7 23. h4 $17 Rxd3 24. Rxd3 Rxd3 25. hxg5 c4 26. gxf6 c3 27. bxc3 a3 28. Bc1 a2 29. Bb2 Rd2 30. Ba1 a5 31. c4 Bxc4 32. Rc1 Bb3 33. Bc3 Rd5 34. Bb2 Rd2 35. Bc3 Re2 36. Bxa5 Rb2 37. Rc7+ Kg6 38. Rg7+ Kh6 39. Bc3 a1=Q+ 40. Kh2 Qc1 41. Rg3 Rxf2 42. Bd4 Re2 43. Rxb3 Qf4+ 44. Rg3 Qxd4 45. f7 Rf2 0-1

[Event "Turkish-ch Youth U15 2024"]
[Site "Belek Antalya"]
[Date "2024.01.25"]
[Round "7"]
[White "Seyhan, Pelin"]
[Black "Senel, Duru"]
[Result "1-0"]
[ECO "B13"]
[WhiteElo "1532"]
[BlackElo "1172"]
[Annotator "NA RC COMBH"]
[PlyCount "97"]
[EventDate "2024.01.21"]
[EventType "swiss"]
[EventCountry "TUR"]
[SourceTitle "playchess.com"]
[Source "ChessBase"]
[SourceQuality "1"]
[TimeControl "5400+30"]

1. e4 c6 2. d4 d5 3. exd5 cxd5 4. Bd3 Nc6 5. c3 Qc7 6. Na3 a6 7. Nc2 Nf6 8. h3 g6 9. Nf3 Bf5 10. Bxf5 gxf5 11. O-O Ne4 12. Nce1 e6 13. Nd3 Bd6 14. Nfe5 Nxe5 15. dxe5 Bxe5 16. Nxe5 Qxe5 17. Be3 Qd6 18. Qh5 Nf6 19. Qg5 Qe7 20. Bd4 e5 21. Qxf5 Nd7 22. Rae1 f6 23. f4 Rg8 24. fxe5 fxe5 25. Bxe5 O-O-O 26. Bh2 Qc5+ 27. Qf2 Rg7 28. Qxc5+ Nxc5 29. Be5 Rgd7 30. Bd4 Ne4 31. Rf4 Rg8 32. Ref1 Rdd8 33. Kh2 Ng3 34. R1f3 Ne2 35. Rf7 Nxd4 36. cxd4 h6 37. Rc3+ Kb8 38. Rcc7 Rdf8 39. Rxb7+ Kc8 40. Rxf8+ Rxf8 41. Rb6 Rf4 42. Rxa6 Rxd4 43. Rxh6 Rd2 44. Rb6 d4 45. Rb4 d3 46. Rd4 Rxb2 47. Rxd3 Rxa2 48. h4 Ra5 49. g4 1-0

[Event "Turkish-ch Youth U15 2024"]
[Site "Belek Antalya"]
[Date "2024.01.25"]
[Round "7"]
[White "Gedik, Eylul Ceren"]
[Black "Keskinler, Ela"]
[Result "0-1"]
[ECO "A17"]
[WhiteElo "1479"]
[BlackElo "1315"]
[Annotator "NA RC COMBH"]
[PlyCount "94"]
[EventDate "2024.01.21"]
[EventType "swiss"]
[EventCountry "TUR"]
[SourceTitle "playchess.com"]
[Source "ChessBase"]
[SourceQuality "1"]
[TimeControl "5400+30"]

1. c4 e6 2. Nc3 d5 3. g3 Nf6 4. Bg2 c6 5. b3 e5 6. cxd5 cxd5 7. d3 Nc6 8. Nf3 Be6 9. O-O Rc8 10. Bb2 d4 11. Ne4 Nxe4 12. dxe4 f6 13. Ne1 Qa5 14. f4 Bb4 15. Nd3 O-O 16. a3 Bc3 17. b4 Qb5 18. a4 Qb6 19. b5 Bxb2 20. Nxb2 Nb4 21. Qd2 d3+ 22. Kh1 dxe2 23. Rfc1 e1=Q+ 24. Qxe1 Nc2 25. Qe2 Nxa1 26. Rxa1 Bb3 27. Qd3 Qe6 28. Bh3 Qxh3 29. Qxb3+ Kh8 30. Nd3 Qg4 31. Nf2 Qe2 32. Kg2 Rc2 33. Qf3 Qxf3+ 34. Kxf3 Rc3+ 35. Ke2 Rd8 36. Ra2 Rd4 37. a5 Rb4 38. b6 axb6 39. axb6 Rc8 40. fxe5 fxe5 41. Ra5 Re8 42. Nd3 Rxb6 43. Nxe5 Rbe6 44. Nf3 Rxe4+ 45. Kf2 Re2+ 46. Kf1 Rb2 47. Ra7 Kg8 0-1

[Event "Turkish-ch Youth U15 2024"]
[Site "Belek Antalya"]
[Date "2024.01.25"]
[Round "7"]
[White "Oztay, Rezzan"]
[Black "Bursali, Ela"]
[Result "1-0"]
[ECO "B06"]
[WhiteElo "1388"]
[BlackElo "1556"]
[Annotator "NA RC COMBH"]
[PlyCount "53"]
[EventDate "2024.01.21"]
[EventType "swiss"]
[EventCountry "TUR"]
[SourceTitle "playchess.com"]
[Source "ChessBase"]
[SourceQuality "1"]
[TimeControl "5400+30"]

1. e4 g6 2. Nf3 Bg7 3. c3 d6 4. Bc4 e6 5. O-O Ne7 6. d4 O-O 7. Bf4 Nd7 8. Nbd2 Nb6 9. Bb3 d5 10. Re1 h6 11. Ne5 Nd7 12. Qg4 Nxe5 13. dxe5 Nc6 14. Nf3 Kh7 15. Rad1 Ne7 16. Qh4 c6 17. Bg5 Re8 18. Bf6 Qc7 19. Bc2 Bxf6 20. exf6 Ng8 21. e5 b6 22. Rd4 Rb8 23. Qh3 Nxf6 24. exf6 Rh8 25. Rh4 Kg8 26. Rxh6 Rxh6 27. Qxh6 1-0

[Event "Turkish-ch Youth U15 2024"]
[Site "Belek Antalya"]
[Date "2024.01.25"]
[Round "7"]
[White "Sezer, Ipek"]
[Black "Gorucu, Yagmur"]
[Result "1-0"]
[ECO "A42"]
[WhiteElo "1299"]
[BlackElo "1222"]
[Annotator "NA RC COMBH"]
[PlyCount "91"]
[EventDate "2024.01.21"]
[EventType "swiss"]
[EventCountry "TUR"]
[SourceTitle "playchess.com"]
[Source "ChessBase"]
[SourceQuality "1"]
[TimeControl "5400+30"]

1. d4 d6 2. c4 g6 3. Nc3 Bg7 4. e4 Nc6 5. Be3 e5 6. d5 Nce7 7. Nge2 f5 8. f4 Nf6 9. exf5 gxf5 10. h3 a6 11. Ng3 Rb8 12. fxe5 dxe5 13. Bg5 Qd6 14. Qd2 f4 15. Bxf6 Qxf6 16. Nge4 Qh4+ 17. Qf2 Qxf2+ 18. Kxf2 Nf5 19. a4 b6 20. Be2 O-O 21. Rhe1 Ne3 22. Bd3 Bb7 23. Ng5 Bh6 24. Nce4 Bc8 25. g3 Bf5 26. gxf4 exf4 27. Rg1 Kh8 28. Be2 Bg6 29. Nd2 Bxg5 30. Rxg5 Rbe8 31. Nf3 Rf5 32. Rag1 Rxg5 33. Rxg5 Nc2 34. h4 Rf8 35. h5 Be4 36. Ne5 f3 37. Bxf3 Bxf3 38. Nxf3 Nd4 39. Rg3 a5 40. Rh3 h6 41. Ke3 Rxf3+ 42. Rxf3 Nxf3 43. Kxf3 Kg8 44. Kg4 Kf8 45. Kf5 Kf7 46. b3 1-0

[Event "Turkish-ch Youth U15 2024"]
[Site "Belek Antalya"]
[Date "2024.01.25"]
[Round "7"]
[White "Iyican, Sude"]
[Black "Nurdogan, Irmak Tuanna"]
[Result "1-0"]
[ECO "E40"]
[WhiteElo "1133"]
[BlackElo "1100"]
[Annotator "NA RC COMBH"]
[PlyCount "130"]
[EventDate "2024.01.21"]
[EventType "swiss"]
[EventCountry "TUR"]
[SourceTitle "playchess.com"]
[Source "ChessBase"]
[SourceQuality "1"]
[TimeControl "5400+30"]

1. d4 Nf6 2. c4 e6 3. Nc3 Bb4 4. e3 Bxc3+ 5. bxc3 O-O 6. Bd3 d5 7. cxd5 exd5 8. Ne2 b6 9. O-O c5 10. c4 Na6 11. cxd5 Qxd5 12. Nf4 Qg5 13. e4 Qg4 14. e5 Qxd1 15. Rxd1 Nd7 16. e6 fxe6 17. Nxe6 Rf6 18. Bg5 Rxe6 19. Bc4 Nf8 20. Bf4 Kh8 21. Bd5 Nb4 22. Bxa8 Nc2 23. Rab1 Nxd4 24. Be3 Re8 25. Bxd4 cxd4 26. Rxd4 Bf5 27. Bc6 Rc8 28. Rc1 Ne6 29. Rdc4 Bd3 30. R4c3 Nf4 31. Bf3 Rg8 32. Rc8 g6 33. Rxg8+ Kxg8 34. Rc8+ Kg7 35. Rc7+ Kh6 36. Rxa7 Ne2+ 37. Bxe2 Bxe2 38. f3 b5 39. Kf2 Bc4 40. h4 Be6 41. a3 Bg8 42. Rb7 Bc4 43. g4 g5 44. hxg5+ Kxg5 45. Rxh7 Kf6 46. f4 Kg6 47. Rb7 Kf6 48. Rb6+ Kg7 49. Ke3 Kf7 50. Kd4 Bf1 51. Kc5 Kg7 52. Rxb5 Bxb5 53. Kxb5 Kf6 54. a4 Kg6 55. a5 Kf6 56. a6 Ke6 57. a7 Kd5 58. a8=Q+ Kd4 59. Qe8 Kd3 60. f5 Kd4 61. f6 Kd3 62. f7 Kd4 63. f8=Q Kd3 64. Qd6+ Kc3 65. Qe3+ Kb2 1-0

[Event "Turkish-ch Youth U15 2024"]
[Site "Belek Antalya"]
[Date "2024.01.26"]
[Round "8"]
[White "Yalcinkaya, Efe"]
[Black "Sakmak, Kutay"]
[Result "1-0"]
[ECO "C04"]
[WhiteElo "2067"]
[BlackElo "1971"]
[Annotator "TA"]
[PlyCount "53"]
[EventDate "2024.01.21"]
[EventType "swiss"]
[EventCountry "TUR"]
[SourceTitle "playchess.com"]
[Source "ChessBase"]
[SourceQuality "1"]
[TimeControl "5400+30"]

1. e4 e6 2. d4 d5 3. Nd2 Nc6 4. Ngf3 Nf6 5. e5 Nd7 6. Nb3 f6 7. Bb5 fxe5 8. dxe5 Be7 9. Nbd4 Ndb8 {[%emt 0:00:30] White is better.} 10. c3 {[%emt 0:00:30] White is more active.} a6 11. Bd3 O-O {[%emt 0:05:30] [#]} 12. h4 $1 {[%emt 0:02:30] Black must now prevent Ng5.} Qe8 13. Rh3 {[%emt 0:06:30] Strongly threatening Qc2.} Qh5 $2 {[%emt 0:05:30] [#]} (13... Kh8 $16 {was called for.}) 14. Bg5 (14. g4 $1 $18 Qe8 (14... Qxg4 $2 15. Bxh7+ Kh8 16. Rg3 $18) 15. Qc2) 14... h6 15. Qc2 Nxd4 16. cxd4 (16. Bh7+ Kh8 17. cxd4 Nc6 $16 (17... hxg5 $2 18. Bg6 $18)) 16... Rxf3 $2 (16... hxg5 17. Bg6 Qg4 18. hxg5 Qxg2 19. Bh7+ Kh8 20. Bf5+ Kg8 21. Nh4 $18 (21. Bh7+ Kh8 $18) (21. Bh7+ Kh8 $18)) (16... Nc6 $16) 17. Bh7+ (17. Bxe7 $2 Rxh3 18. gxh3 Nc6 $19) 17... Kh8 18. Rxf3 (18. Bxe7 $2 Rxh3 19. gxh3 Nc6 $19) 18... hxg5 19. Bg6 Qg4 (19... Bb4+ 20. Ke2 Nc6 21. Bxh5 Nxd4+ 22. Kd1 Nxc2) 20. hxg5 Nc6 21. Rg3 Qf4 (21... Qxd4 22. Bf7 Qxe5+ (22... Nxe5 23. Rh3+) 23. Re3 Qh2 (23... Qxg5 24. Rh3+) 24. Rh3+ (24. Bxe6 $2 {too greedy.} Bb4+ 25. Rc3 Qg1+ 26. Kd2 Bxc3+ 27. bxc3 Qxf2+ 28. Kc1 Qxc2+ 29. Kxc2 Bxe6 $19) 24... Qxh3 25. gxh3 Bxg5) 22. Rh3+ Kg8 23. Bh7+ Kh8 24. Bg8+ Kxg8 25. Qh7+ Kf8 (25... Kf7 $18) 26. Qh8+ Kf7 {[%emt 0:00:30] [#] And now ...Qe4+ would win.} 27. g6+ $1 {[%emt 0:00:00][%mdl 512] Weighted Error Value: White=1.03/Black=0.85.  Loses game:     	---       	Black=2      Missed win:     	White=1     	---        Mistake:       	---       	Black=2      Inaccurate:     	---       	Black=3      OK:         	White=5     	Black=3      Best:        	White=1     	Black=6} 1-0

[Event "Turkish-ch Youth U15 2024"]
[Site "Belek Antalya"]
[Date "2024.01.26"]
[Round "8"]
[White "Basdar, Atakan"]
[Black "Biyiksiz, Ali Batuhan"]
[Result "0-1"]
[ECO "C68"]
[WhiteElo "1746"]
[BlackElo "2164"]
[Annotator "RC"]
[PlyCount "88"]
[EventDate "2024.01.21"]
[EventType "swiss"]
[EventCountry "TUR"]
[SourceTitle "playchess.com"]
[Source "ChessBase"]
[SourceQuality "1"]
[TimeControl "5400+30"]

1. e4 e5 2. Nf3 Nc6 3. Bb5 a6 4. Bxc6 dxc6 5. O-O Bg4 6. h3 h5 7. d3 Qf6 8. Nbd2 g5 9. Nc4 Bxf3 10. Qxf3 Qxf3 11. gxf3 f6 12. h4 gxh4 13. f4 exf4 14. Bxf4 O-O-O 15. Kh2 Bc5 16. Be3 Bf8 17. Kh3 Kd7 18. Kxh4 Ne7 19. Rg1 Ke6 20. f4 f5 21. Ne5 Rg8 22. Rxg8 Nxg8 23. Ng6 Nf6 24. e5 Ng4 25. Bd2 Bc5 26. Kxh5 Rd7 27. b4 Rh7+ 28. Kg5 Nh6 29. Kh4 Bf2+ 30. Kh3 Ng4+ 31. Kg2 Rg7 32. Rh1 Rxg6 33. Rh8 Bb6 34. Re8+ Kf7 35. Rb8 Nxe5+ 36. Kf1 Nf3 37. Bc3 Nh2+ 38. Ke2 Rg2+ 39. Kd1 Rg1+ 40. Ke2 Ng4 41. Bd2 Ra1 42. c4 c5 43. bxc5 Bxc5 44. Rxb7 Be7 0-1

[Event "Turkish-ch Youth U15 2024"]
[Site "Belek Antalya"]
[Date "2024.01.26"]
[Round "8"]
[White "Sozat, Arda"]
[Black "Dirikolu, Deniz"]
[Result "1/2-1/2"]
[ECO "C60"]
[WhiteElo "1721"]
[BlackElo "1786"]
[Annotator "NA RC COMBH"]
[PlyCount "89"]
[EventDate "2024.01.21"]
[EventType "swiss"]
[EventCountry "TUR"]
[SourceTitle "playchess.com"]
[Source "ChessBase"]
[SourceQuality "1"]
[TimeControl "5400+30"]

1. e4 e5 2. Nf3 Nc6 3. Bb5 g6 4. d4 exd4 5. c3 a6 6. Bc4 Bg7 7. cxd4 Nge7 8. O-O d6 9. h3 O-O 10. Nc3 h6 11. a3 Kh7 12. d5 Nb8 13. Re1 Nd7 14. Bf4 Ne5 15. Nxe5 dxe5 16. Be3 f5 17. f3 b6 18. a4 Bb7 19. a5 b5 20. Be2 Nc8 21. Bc5 Nd6 22. Qc2 Rf7 23. Rf1 Qg5 24. Qc1 f4 25. Bf2 Bf6 26. Kh2 Qh5 27. Rh1 b4 28. Na4 Nxe4 29. fxe4 Qxe2 30. Qe1 Qc2 31. Nc5 Bc8 32. b3 Bh4 33. Bxh4 Qxc5 34. Bf2 Qc2 35. Rf1 Rb8 36. Qb1 Qe2 37. Ra2 Qh5 38. Qd1 Qg5 39. Qf3 Rb5 40. Rc1 Qd8 41. Rc6 Qf8 42. Rac2 Qg7 43. d6 Rxa5 44. Rxc7 Bd7 45. Ra7 1/2-1/2

[Event "Turkish-ch Youth U15 2024"]
[Site "Belek Antalya"]
[Date "2024.01.26"]
[Round "8"]
[White "Gebes, Ata"]
[Black "Tezcan, Alper"]
[Result "0-1"]
[ECO "C11"]
[WhiteElo "1662"]
[BlackElo "1868"]
[Annotator "NA RC COMBH"]
[PlyCount "68"]
[EventDate "2024.01.21"]
[EventType "swiss"]
[EventCountry "TUR"]
[SourceTitle "playchess.com"]
[Source "ChessBase"]
[SourceQuality "1"]
[TimeControl "5400+30"]

1. e4 e6 2. d4 d5 3. Nc3 Nf6 4. e5 Nfd7 5. Nce2 c5 6. c3 Nc6 7. Nf3 Be7 {[%emt 0:03:30] 7...cxd4 is a critical line.} 8. a3 {[%emt 0:00:00] C11: French: Classical System: 4 e5 and 4 Bg5 dxe4.} Qa5 9. Bf4 cxd4 10. Nexd4 Nxd4 11. Nxd4 a6 $146 ({Predecessor:} 11... Qb6 12. Bd3 Nc5 13. Bb5+ Bd7 14. a4 Bxb5 15. axb5 O-O 16. O-O a6 17. Qg4 Rfe8 {½-½ Goumas,G (2427)-Holm,K (2463) Seville op 47th 2022 (5)}) 12. Qg4 {[%emt 0:19:30] [#]} g5 $1 13. Bd2 ({Reject} 13. Bxg5 Rg8 14. h4 (14. Nxe6 $2 Qb6 $19) 14... h6 $17) (13. Be3 $5) 13... Nxe5 14. Qg3 Nc4 (14... Qc7 $15 {should be considered.}) 15. b4 Qa4 (15... Qd8 $15 {keeps the upper hand.} 16. Bxc4 dxc4) 16. Bxc4 (16. Bxg5 Rg8 17. Bxc4 dxc4 $19 18. f4 h6 $17) 16... dxc4 17. Qf3 $2 (17. h4 $16) 17... Qd7 18. Rd1 (18. O-O $15) 18... e5 19. Ne2 Qf5 20. Qd5 $17 Qe6 21. Be3 Qxd5 22. Rxd5 f6 23. g3 Bd7 24. Rd2 Bc6 25. O-O Bf3 26. h3 Kf7 27. Kh2 Rad8 28. Ng1 Rxd2 29. Bxd2 Bc6 30. f4 Rd8 31. Bc1 gxf4 32. gxf4 e4 33. Ne2 Rd3 34. Re1 Bd7 0-1

[Event "Turkish-ch Youth U15 2024"]
[Site "Belek Antalya"]
[Date "2024.01.26"]
[Round "8"]
[White "Gedik, Eylul Ceren"]
[Black "Oztay, Rezzan"]
[Result "1-0"]
[ECO "A28"]
[WhiteElo "1479"]
[BlackElo "1388"]
[Annotator "NA RC COMBH"]
[PlyCount "87"]
[EventDate "2024.01.21"]
[EventType "swiss"]
[EventCountry "TUR"]
[SourceTitle "playchess.com"]
[Source "ChessBase"]
[SourceQuality "1"]
[TimeControl "5400+30"]

1. c4 Nf6 2. Nc3 e5 3. d3 Bc5 4. Nf3 Nc6 5. e3 O-O 6. Be2 d5 7. cxd5 Nxd5 8. O-O Be6 9. a3 f5 10. Nxd5 Bxd5 11. b4 Bd6 12. Bb2 Qe8 13. Qc2 e4 14. dxe4 Bxe4 15. Qb3+ Kh8 16. Nd2 f4 17. Nxe4 Qxe4 18. Bf3 Qg6 19. exf4 Rxf4 20. g3 Raf8 21. Bg2 Rg4 22. Rfe1 h5 23. Re6 Qh7 24. Qe3 Rg6 25. Rxg6 Qxg6 26. Be4 Qe6 27. Qg5 Be5 28. Bc1 Qf7 29. Ra2 Bf6 30. Qf5 g5 31. Bxg5 Bxg5 32. Qxg5 Re8 33. Re2 Re5 34. Qh6+ Kg8 35. f4 Re7 36. Qg5+ Kf8 37. Bd5 Qh7 38. Qf6+ Ke8 39. Bxc6+ bxc6 40. Qxc6+ Kd8 41. Qf6 Ke8 42. Qxe7+ Qxe7 43. Rxe7+ Kxe7 44. Kf2 1-0

[Event "Turkish-ch Youth U15 2024"]
[Site "Belek Antalya"]
[Date "2024.01.26"]
[Round "8"]
[White "Keskinler, Ela"]
[Black "Sezer, Ipek"]
[Result "1/2-1/2"]
[ECO "D73"]
[WhiteElo "1315"]
[BlackElo "1299"]
[Annotator "NA RC COMBH"]
[PlyCount "87"]
[EventDate "2024.01.21"]
[EventType "swiss"]
[EventCountry "TUR"]
[SourceTitle "playchess.com"]
[Source "ChessBase"]
[SourceQuality "1"]
[TimeControl "5400+30"]

1. Nf3 Nf6 2. g3 g6 3. d4 Bg7 4. Bg2 O-O 5. c4 d5 6. Nc3 c6 7. Ne5 Be6 8. Qb3 Qb6 9. c5 Qxb3 10. axb3 Nbd7 11. Nd3 Bf5 12. Kd2 Ne4+ 13. Ke3 Nexc5 14. dxc5 d4+ 15. Kd2 dxc3+ 16. bxc3 Rfd8 17. Ba3 Ne5 18. Bf1 Ng4 19. f3 Bh6+ 20. Kc2 Ne3+ 21. Kb2 e5 22. Re1 e4 23. fxe4 Bxe4 24. Rg1 Nd5 25. Bg2 Bxg2 26. Rxg2 Bd2 27. e4 Bxc3+ 28. Kc2 Bxe1 29. exd5 Rxd5 30. Nxe1 Rad8 31. Nf3 f6 32. Nd2 b5 33. cxb6 axb6 34. Be7 Re8 35. Bxf6 b5 36. Bc3 c5 37. Rf2 Re3 38. g4 Rdd3 39. Bb2 b4 40. Nc4 Rh3 41. Re2 Rd8 42. Be5 Rdd3 43. Bb2 Rd8 44. Be5 1/2-1/2

[Event "Turkish-ch Youth U15 2024"]
[Site "Belek Antalya"]
[Date "2024.01.26"]
[Round "8"]
[White "Cemali, Seda"]
[Black "Buyuk, Elvin Esma"]
[Result "1/2-1/2"]
[ECO "B00"]
[WhiteElo "1236"]
[BlackElo "1546"]
[Annotator "NA RC COMBH"]
[PlyCount "171"]
[EventDate "2024.01.21"]
[EventType "swiss"]
[EventCountry "TUR"]
[SourceTitle "playchess.com"]
[Source "ChessBase"]
[SourceQuality "1"]
[TimeControl "5400+30"]

1. Nf3 e6 2. d4 b6 3. e4 Bb7 4. Bd3 c5 5. c3 cxd4 6. cxd4 Nf6 7. Qe2 d5 8. e5 Nfd7 9. Nc3 a6 10. a3 b5 11. Bd2 Be7 12. h4 Nc6 13. b4 Nb6 14. Nd1 Nc4 15. Bc3 Qb6 16. Ne3 Rc8 17. Nxc4 bxc4 18. Bc2 Na7 19. O-O Nb5 20. Ba4 O-O 21. Bxb5 axb5 22. g3 Ra8 23. Ne1 f6 24. f4 f5 25. Nc2 Qc6 26. Kg2 g6 27. Rh1 h6 28. Rag1 Kf7 29. Kf2 Rh8 30. Qf3 Rag8 31. Ke1 Qe8 32. Bd2 Qa8 33. Kd1 h5 34. Qc3 Qa4 35. Kc1 Ra8 36. Kb2 Ra7 37. Ra1 Rha8 38. Rhb1 Bc6 39. Kc1 Qa6 40. Kd1 Qc8 41. Ke2 Ra4 42. Bc1 Qd8 43. Qf3 R8a7 44. Bb2 Qa8 45. Qc3 Be8 46. Kd1 Kg7 47. Ke2 Qd8 48. Rh1 Bf7 49. Kd2 Qb6 50. Ke2 Rc7 51. Kd2 Ra8 52. Ke2 Qa6 53. Rhb1 Kh7 54. Ke3 Qa4 55. Bc1 Rg8 56. Ke2 Rcc8 57. Kf2 Be8 58. Ke2 Bd7 59. Kf2 Rg7 60. Ke2 Rcg8 61. Kd1 Qa8 62. Ke2 Qd8 63. Qe1 Qc7 64. Qc3 Rc8 65. Bd2 Rgg8 66. Rh1 Rh8 67. Rhg1 Qa7 68. Rgb1 Rcf8 69. Rh1 Bd8 70. Rhb1 Bc7 71. Be3 Bc6 72. Bd2 Kg7 73. Be3 Rd8 74. Rd1 Qa4 75. Rdb1 g5 76. fxg5 Kg6 77. Bf4 Rd7 78. Ne1 Rhd8 79. Qc2 Qa7 80. Qc3 Bb6 81. Nc2 Bb7 82. Rd1 Rc8 83. Be3 Rdc7 84. Rdb1 Qa4 85. Rd1 Qb3 86. Rdb1 1/2-1/2

[Event "Turkish-ch Youth U15 2024"]
[Site "Belek Antalya"]
[Date "2024.01.26"]
[Round "8"]
[White "Senel, Duru"]
[Black "Gorucu, Yagmur"]
[Result "1-0"]
[ECO "A42"]
[WhiteElo "1172"]
[BlackElo "1222"]
[Annotator "NA RC COMBH"]
[PlyCount "56"]
[EventDate "2024.01.21"]
[EventType "swiss"]
[EventCountry "TUR"]
[SourceTitle "playchess.com"]
[Source "ChessBase"]
[SourceQuality "1"]
[TimeControl "5400+30"]

1. d4 d6 2. c4 g6 3. Nc3 Bg7 4. e4 Nc6 5. d5 Nd4 6. Be3 c5 7. Qd2 a6 8. Nge2 Nxe2 9. Bxe2 Bd7 10. O-O Rb8 11. a4 Nf6 12. Bh6 O-O 13. Bxg7 Kxg7 14. f4 Qc7 15. Qe3 Bc8 16. Qg3 Nd7 17. Nd1 e6 18. Ne3 Nf6 19. Bd3 e5 20. fxe5 dxe5 21. Qg5 Qd6 22. Rf5 h6 23. Qg3 Nd7 24. Raf1 g5 25. Rxg5+ Kh7 26. Rg7+ Kh8 27. Rfxf7 Nf6 28. Qg6 Qd8 1-0

[Event "Turkish-ch Youth U15 2024"]
[Site "Belek Antalya"]
[Date "2024.01.26"]
[Round "8"]
[White "Iyican, Sude"]
[Black "Seyhan, Pelin"]
[Result "0-1"]
[ECO "D05"]
[WhiteElo "1133"]
[BlackElo "1532"]
[Annotator "NA RC COMBH"]
[PlyCount "70"]
[EventDate "2024.01.21"]
[EventType "swiss"]
[EventCountry "TUR"]
[SourceTitle "playchess.com"]
[Source "ChessBase"]
[SourceQuality "1"]
[TimeControl "5400+30"]

1. d4 d5 2. Nf3 Nf6 3. e3 e6 4. Bd3 Bd6 5. O-O Nbd7 6. Nbd2 O-O 7. b3 e5 8. dxe5 Nxe5 9. Be2 Re8 10. Bb2 c6 11. Nxe5 Bxe5 12. Bxe5 Rxe5 13. Nf3 Rh5 14. Qd4 Qc7 15. b4 Ne4 16. Rfd1 b6 17. c4 c5 18. bxc5 bxc5 19. Qb2 dxc4 20. Bxc4 Bg4 21. Be2 Rb8 22. Qc2 Ng5 23. Qd3 Bxf3 24. Bxf3 Nxf3+ 25. gxf3 Qxh2+ 26. Kf1 g6 27. Rab1 Rxb1 28. Qxb1 Rd5 29. Ke2 Rxd1 30. Qxd1 Qc7 31. Qd5 h5 32. f4 Qc8 33. Qc4 h4 34. f5 Qxf5 35. Qxh4 Qh5+ 0-1